 Dungeon Crawl Stone Soup version 0.29.0-5-ge4962eb29e (webtiles) character file.

Game seed: 6323507645452318692

651 Arcadio the Sneak (level 7, -5/63 HPs)
             Began as a Naga Enchanter on Aug 29, 2022.
             Slain by an ogre
             ... wielding a +0 giant club
              (31 damage)
             ... on level 4 of the Dungeon.
             The game lasted 00:15:02 (3857 turns).

Arcadio the Sneak (Naga Enchanter)                  Turns: 3857, Time: 00:15:03

Health: -5/63      AC:  4    Str: 13    XL:     7   Next: 53%
Magic:  3/3        EV: 10    Int: 16    God:
Gold:   222        SH:  6    Dex: 13    Spells: 8/10 levels left

rFire   . . .      SeeInvis +   j - +7 dagger of Regicide {antimagic, rElec rPois Str+3}
rCold   . . .      Faith    .   q - +3 buckler of Enugug {Harm Drain rPois Regen+}
rNeg    . . .      Spirit   .   d - +0 leather armour
rPois   +          Reflect  .   A - +0 helmet
rElec   +          Harm     +   (no cloak)
rCorr   +          Rampage  .   (no gloves)
Will    .....                   (no barding)
Stlth   +++.......              e - amulet of regeneration
HPRegen 1.80/turn               n - ring of resist corrosion
MPRegen 0.08/turn               B - ring of flight

@: flying, very slow
A: AC +2, large, see invisible, deformed body, poison resistance, slowness 2,
spit poison 1, naga tail 1
a: Spit Poison


You were on level 4 of the Dungeon.
You visited 1 branch of the dungeon, and saw 4 of its levels.
You also visited: Sewer.

You collected 222 gold pieces.

Inventory:

Hand Weapons
 a - a +1 dagger
 j - the +7 dagger of Regicide (weapon) {antimagic, rElec rPois Str+3}
   (You found it on level 2 of the Dungeon)

   It reduces the magical energy of the wielder, and disrupts the spells and
   magical abilities of those it strikes.
   Natural abilities and divine invocations are not affected.
   Str:       It affects your strength (+3).
   rElec:     It insulates you from electricity.
   rPois:     It protects you from poison.
 y - a +2 dagger of speed
 C - a +1 sling of flaming
Missiles
 r - 2 throwing nets
Armour
 b - a +0 robe
 d - a +0 leather armour (worn)
 q - the +3 buckler of Enugug (worn) {Harm Drain rPois Regen+}
   (You found it on level 3 of the Dungeon)

   rPois:     It protects you from poison.
   Regen:     It increases your rate of health regeneration.
   Drain:     It drains your maximum health when unequipped.
   Harm:      It increases damage dealt and taken.
 A - a +0 helmet (worn)
Jewellery
 e - an amulet of regeneration (around neck)
 n - a ring of resist corrosion (left hand)
 B - a ring of flight (right hand)
Scrolls
 f - a scroll of amnesia {unknown}
 g - 2 scrolls of vulnerability {unknown}
 h - 3 scrolls of teleportation {unknown}
 l - a scroll of immolation {unknown}
 m - 4 scrolls of identify {unknown}
 v - a scroll of enchant weapon {unknown}
 z - a scroll of noise {unknown}
Potions
 c - 3 potions of invisibility
 i - a potion of mutation {unknown}
 k - a potion of curing {unknown}
 o - a potion of heal wounds {unknown}
 p - a potion of attraction {unknown}
 s - a potion of cancellation {unknown}
 t - a potion of brilliance {unknown}
 u - a potion of haste {unknown}
 w - a potion of might {unknown}
 x - a potion of degeneration {unknown}


   Skills:
 + Level 3.7 Fighting
 + Level 3.8 Short Blades
 + Level 3.6 Dodging
 + Level 7.6 Stealth
 - Level 2.0 Spellcasting
 - Level 3.0 Hexes


You had 8 spell levels left.
You knew the following spells:

 Your Spells              Type           Power      Damage    Failure   Level
a - Ensorcelled Hibernat  Hex/Ice        12%        N/A       26%         2

Your spell library contained the following spells:

 Spells                   Type           Power      Damage    Failure   Level
 Confusing Touch          Hex            11%        N/A       28%         3
 Tukima's Dance           Hex            11%        N/A       28%         3
 Dazzling Flash           Conj/Hex       12%        N/A       47%         3
 Passage of Golubria      Tloc           1%         N/A       97%         4
 Yara's Violent Unravell  Hex/Tmut       3%         3d4       99%         5


Dungeon Overview and Level Annotations

Branches:
Dungeon (4/15) Zot: 19546   Sewer (visited)
 Temple: D:4-7

Altars:


Innate Abilities, Weirdness & Mutations

Your serpentine skin is tough. (AC +2)
You have supernaturally acute eyesight. (SInv)
Armour fits poorly on your strangely shaped body.
Your system is resistant to poisons. (rPois)
You cover ground very slowly.
You can spit poison.
You have a snake-like lower body.


Message History

The adder bites you but does no damage.
You hit the adder.
The adder is heavily wounded.
The adder bites you but does no damage.
You hit the adder.
The adder is severely wounded.
The adder barely misses you.
You puncture the adder!
You kill the adder!
You have got your breath back.
You now have 222 gold pieces (gained 14).
An ogre is nearby!
An ogre is nearby!
Aiming: Spit Poison (1% risk of failure)
Press: ? - help, Q - select action, (/) - cycle Shift-Dir - straight line, f - ogre
Aim: an ogre, wielding a +0 giant club (wandering, hasn't noticed you, 81% to hit)
The splash of poison hits the ogre!
The ogre is poisoned.
The ogre is moderately wounded.
The ogre shouts!
You have got your breath back.
There is an open door here.
The ogre looks more healthy.
The ogre hits you with a +0 giant club!
Aiming: Spit Poison (1% risk of failure)
Press: ? - help, Q - select action, (/) - cycle Shift-Dir - straight line, f/p - ogre
Aim: an ogre, wielding a +0 giant club (heavily wounded, 81% to hit)
The splash of poison hits the ogre.
The ogre is poisoned.
The ogre is severely wounded.
You hit the ogre but do no damage.
The ogre is severely wounded.
The ogre hits you with a +0 giant club!!
You hit the ogre.
The ogre is severely wounded.
You hit the ogre.
The ogre is almost dead.
You block the ogre's attack.
You closely miss the ogre.
The ogre is almost dead.
You have got your breath back.
The ogre hits you with a +0 giant club!!
You die...

# ## ### #############
..##.##.###...........####
................@O.......#
.........####..###'####..#
.........# #.#8...#..8# #
........## #.#...#....#
....#....####.#....#...#
...##......##.'.#.#.#.##
...#........#.##.#O#.#.'
...........##.#...#....#.#
.....#....### #... ...# #


You could see an ogre (poisoned).

Vanquished Creatures
  A black bear (D:3)
  Pargi (Sewer)
  A scorpion (D:3)
  3 hounds (D:4)
  An orc priest (D:2)
  3 orc wizards
  3 gnolls (D:2)
  8 adders
  2 worms (D:4)
  A dart slug (D:2)
  11 orcs
  6 ball pythons
  4 bats
  9 endoplasms
  8 giant cockroaches
  6 goblins
  7 hobgoblins
  A quokka (D:2)
  4 frilled lizards
  13 kobolds
  6 rats
99 creatures vanquished.

Notes
Turn   | Place    | Note
-------+----------+-------------------------------------------
     0 | D:1      | Arcadio the Naga Enchanter began the quest for the Orb.
     0 | D:1      | Reached XP level 1. HP: 15/15 MP: 3/3
   395 | D:1      | Reached XP level 2. HP: 16/24 MP: 5/5
   980 | D:1      | Reached skill level 1 in Fighting
  1494 | D:2      | Learned a level 2 spell: Ensorcelled Hibernation
  1509 | D:2      | Reached skill level 5 in Stealth
  1509 | D:2      | Reached XP level 3. HP: 31/31 MP: 6/6
  1701 | D:2      | Identified the +7 dagger of Regicide {antimagic, rElec
                  | rPois Str+3}
  1722 | D:2      | Found a faded altar of an unknown god.
  2109 | D:2      | Reached XP level 4. HP: 38/38 MP: 2/7
  2335 | D:3      | Identified the +3 buckler of Enugug {Harm Drain rPois
                  | Regen+}
  2350 | D:2      | Reached XP level 5. HP: 30/45 MP: 2/8
  2680 | D:3      | Found a glowing drain.
  2709 | Sewer    | Entered a sewer
  2773 | Sewer    | Noticed Pargi
  2775 | Sewer    | Killed Pargi
  2776 | Sewer    | Reached skill level 6 in Stealth
  2776 | Sewer    | Reached XP level 6. HP: 55/55 MP: 3/9
  3030 | D:3      | Noticed a black bear
  3044 | D:3      | Killed a black bear
  3176 | D:3      | Reached skill level 7 in Stealth
  3322 | D:3      | Reached XP level 7. HP: 62/62 MP: 3/10
  3857 | D:4      | Slain by an ogre

Illustrated notes

Levels and vault maps discovered:
D:1:      lemuel_arrival_broad_hall, layout_loops_ring, minmay_box_of_dots
D:2:      layout_basic, ebering_ecumenical_altar_mist
D:3:      layout_basic, gup_sewer_entry_glass, kennysheep_generic_room_14
D:4:      layout_cave_pools, lemuel_crystal_altar, temple_green, minivault_1,
          st_stairs_4, bh_walls_and_bars

Skill      XL: |  1  2  3  4  5  6 |
---------------+-------------------+-----
Fighting       | 1 2 3 |  3.7
Dodging        | 2 3 |  3.6
Stealth        | 5 6 7 |  7.6
Short Blades   | 2 3 |  3.8
Spellcasting   | |  2.0
Hexes          | |  3.0

Action                   |  1- 3 |  4- 6 |  7- 9 || total
-------------------------+-------+-------+-------++-------
Melee: Dagger            |    93 |    76 |    60 ||   229
       Punch             |     1 |       |       ||     1
 Cast: Ensorcelled Hiber |       |     2 |       ||     2
 Abil: Spit Poison       |    34 |    22 |    15 ||    71
 Stab: Sleeping          |       |     4 |       ||     4
Armor: Leather armour    |    13 |    11 |     8 ||    32
Dodge: Dodged            |    40 |    31 |    16 ||    87
Block: Buckler           |       |    19 |    17 ||    36
